Map: Lost and Found LE

Players

Lambo - Winner!

  • Race: Zerg Zerg
  • League: Master
  • Spawn Location: 1:00

GOStephano (Stephano)

  • Race: Zerg Zerg
  • League: Master
  • Spawn Location: 7:00

Event: HomeStory Cup XVII

VOD

Have the link to the VOD?

Description

Time

  • Played on: July 1, 2018, 10:30 a.m.
  • Length: 9:09

All games in this series

Show
View Real Time Build Order
Export as new Build Order

Lambo Zerg - Winner!

Build Orders: Hatch First 

Get SALT Encoding   

  12  0:01  Drone  
  13  0:13  Overlord  
  13  0:17  Drone  
  14  0:31  Drone x2  
  16  0:47  Hatchery  
  15  0:51  Drone  
  15  0:55  Drone  
  17  0:58  Drone  
  18  1:09  Extractor  
  17  1:13  Spawning Pool  
  17  1:16  Drone  
  17  1:19  Drone  
  18  1:28  Drone  
  19  1:39  Drone  
  20  1:50  Overlord  
  20  2:00  Queen x2  
  24  2:01  Drone x2  
  26  2:09  Metabolic Boost  
  26  2:10  Drone  
  26  2:11  Drone  
  28  2:21  Drone  
  29  2:29  Zergling x2  
  30  2:33  Hatchery  
  30  2:35  Drone  
  30  2:42  Zergling x2  
  30  2:44  Baneling Nest  
  30  2:45  Drone  
  30  2:50  Overlord  
  31  2:54  Drone  
  32  3:03  Drone x2  
  34  3:08  Drone  
  34  3:09  Drone  
  34  3:11  Queen  
  38  3:14  Overlord  
  38  3:15  Drone  
  38  3:18  Drone  
  40  3:20  Drone  
  40  3:22  Zergling x2  
  40  3:24  Drone x2  
  44  3:30  Evolution Chamber  
  44  3:32  Drone  
  44  3:37  Drone x2  
  46  3:45  Drone  
  46  3:49  Drone x3  
  46  3:51  Drone, Extractor  
  46  3:54  Roach Warren  
  46  3:55  Drone  
  49  3:58  Zerg Missile Weapons Level 1  
  49  3:59  Overlord  
  49  4:02  Drone  
  50  4:03  Extractor  
  50  4:04  Drone  
  50  4:09  Drone x2  
  51  4:19  Drone  
  51  4:20  Baneling x3  
  51  4:22  Overlord, Zergling x6  
  51  4:23  Zergling x4  
  57  4:28  Queen  
  57  4:29  Drone x2  
  61  4:34  Roach x2  
  61  4:37  Overlord  
  65  4:39  Lair  
  65  4:42  Baneling x2  
  66  4:52  Roach  
  66  4:53  Roach x3  
  66  4:56  Roach x2  
  66  4:59  Roach  
  73  5:05  Drone  
  73  5:06  Drone x5  
  76  5:07  Drone  
  76  5:10  Drone  
  76  5:11  Drone  
  79  5:14  Drone  
  80  5:22  Drone  
  80  5:27  Overlord  
  81  5:30  Overlord, Extractor  
  81  5:31  Extractor  
  81  5:32  Drone x2  
  81  5:34  Overlord  
  81  5:39  Overlord  
  81  5:40  Glial Reconstitution  
  81  5:42  Drone, Evolution Chamber  
  81  5:43  Overlord  
  81  5:45  Drone x5  
  81  5:46  Drone  
  81  5:48  Drone x2  
  89  5:52  Drone  
  89  5:53  Zerg Missile Weapons Level 2  
  89  5:55  Overseer  
  89  6:01  Roach x2  
  89  6:03  Roach  
  95  6:08  Roach x3  
  95  6:10  Roach  
  103  6:11  Overlord  
  103  6:14  Roach  
  103  6:18  Roach x2  
  109  6:19  Ravager  
  109  6:21  Roach x2  
  114  6:26  Roach x2  
  114  6:28  Zerg Ground Armor Level 1  
  114  6:30  Roach  
  120  6:34  Roach x2  
  120  6:38  Roach  
  120  6:39  Roach  
  128  6:40  Drone  
  128  6:43  Overlord  
  128  6:44  Overlord  
  129  6:52  Hatchery  
  128  6:59  Overlord  
  128  7:04  Overlord  
  128  7:06  Roach x7  
  128  7:07  Ravager  
  128  7:08  Ravager x2  
  145  7:11  Overlord  
  145  7:13  Overlord  
  145  7:18  Overseer  
  145  7:20  Roach x4  
  152  7:24  Roach  
  152  7:25  Roach x2  
  152  7:26  Roach  
  160  7:31  Roach x2  
  160  7:33  Roach  
  160  7:34  Roach x2  
  160  7:36  Roach  
  172  7:38  Overlord  
  172  7:43  Roach x2  
  176  7:49  Overlord  
  176  7:52  Overlord  
  176  7:55  Overlord  
  176  7:57  Ravager  
  176  7:58  Ravager  
  176  7:59  Roach  
  176  8:00  Roach x3  
  184  8:10  Roach x6  
  184  8:11  Roach x2  
  197  8:13  Roach  
  197  8:19  Roach  
  191  8:27  Roach x2  
  191  8:28  Roach x2  
  191  8:30  Roach x3  
  185  8:42  Roach x6  
  181  8:49  Roach x5  
Show
View Real Time Build Order
Export as new Build Order

GOStephano Zerg 

Build Orders: Hatch First 

Get SALT Encoding   

  12  0:01  Drone  
  13  0:12  Overlord  
  13  0:17  Drone  
  14  0:31  Drone x2  
  16  0:48  Hatchery  
  15  0:51  Drone  
  15  0:54  Drone  
  17  0:57  Drone  
  18  1:07  Extractor  
  17  1:13  Spawning Pool  
  17  1:16  Drone  
  17  1:20  Drone  
  18  1:28  Drone  
  19  1:39  Drone  
  20  1:49  Drone  
  21  2:00  Queen x2  
  25  2:03  Overlord  
  25  2:04  Evolution Chamber  
  25  2:06  Zergling x2  
  25  2:12  Drone x2  
  27  2:21  Drone  
  27  2:22  Drone  
  29  2:29  Zerg Ground Armor Level 1  
  29  2:33  Drone x2  
  31  2:38  Queen  
  33  2:46  Overlord  
  33  2:49  Drone  
  34  3:02  Hatchery  
  34  3:04  Metabolic Boost  
  33  3:10  Zergling x4  
  33  3:12  Drone  
  36  3:14  Drone  
  36  3:18  Overlord  
  37  3:23  Drone  
  37  3:24  Drone  
  39  3:30  Drone x2  
  39  3:31  Drone  
  42  3:45  Drone x6  
  47  3:52  Overlord  
  47  3:54  Overlord  
  47  3:59  Zergling x2, Extractor  
  47  4:00  Zergling x2  
  47  4:02  Roach Warren, Zergling x2  
  48  4:05  Zergling x2  
  49  4:10  Zergling x2  
  49  4:16  Zergling x4  
  52  4:19  Zergling x12  
  52  4:23  Lair  
  58  4:32  Zerg Missile Weapons Level 1, Drone x3  
  58  4:36  Drone x2  
  58  4:38  Drone  
  64  4:49  Drone  
  63  4:59  Roach x8  
  72  5:05  Roach  
  72  5:07  Overlord  
  72  5:09  Roach  
  72  5:10  Extractor  
  72  5:12  Overlord, Drone  
  74  5:14  Overlord  
  72  5:26  Drone x2  
  72  5:27  Drone  
  75  5:32  Drone x3  
  75  5:35  Drone x8  
  86  5:41  Glial Reconstitution  
  86  5:48  Overlord x2  
  86  5:49  Drone  
  88  5:50  Drone  
  88  5:51  Extractor  
  88  5:52  Overseer, Extractor  
  85  6:02  Drone x3  
  88  6:07  Drone x2  
  88  6:08  Roach x6  
  102  6:13  Drone  
  102  6:14  Drone  
  102  6:15  Drone  
  102  6:16  Roach  
  107  6:22  Roach x3  
  113  6:27  Pneumatized Carapace  
  113  6:29  Zerg Missile Weapons Level 2  
  113  6:33  Overlord x3  
  113  6:38  Overlord  
  113  6:49  Overlord  
  113  6:51  Extractor  
  113  6:53  Roach x5  
  113  6:54  Hatchery  
  121  6:58  Roach x3  
  121  7:00  Burrow  
  127  7:03  Tunneling Claws  
  127  7:08  Roach x3  
  133  7:14  Drone x2  
  135  7:16  Roach x3  
  135  7:21  Roach x3  
  147  7:24  Roach x2  
  147  7:29  Roach  
  153  7:30  Overlord x2  
  153  7:35  Ravager  
  154  7:38  Overlord  
  154  7:49  Roach x9  
  170  7:57  Roach x3  
  176  8:01  Overlord  
  176  8:06  Roach x4  
  178  8:13  Roach x3  
  178  8:15  Roach x36  
  178  8:18  Roach  
  167  8:27  Roach  
  167  8:30  Roach x6  
  167  8:32  Roach x2  
  167  8:33  Roach x17  
  148  8:41  Roach  
  148  8:42  Roach x4  
  148  8:46  Roach  
Tags
 
Add a new tag
Caveats
  • Supply blocks, unpowered buildings, or Contaminate may cause inaccurate times.
  • Supply counts are checked every 10 seconds.